 Dungeon Crawl Stone Soup version 0.21-a0-434-g806c6c2 (webtiles) character file.

93617 DocClef the Blocker (level 16, -10/152 HPs)
             Began as a Gnoll Fighter on Nov 7, 2017.
             Was an Elder of Okawaru.
             Shot with an arrow by a naga sharpshooter (14 damage)
             ... led by Vashnia
             ... on level 2 of the Snake Pit on Nov 8, 2017.
             The game lasted 00:57:24 (30373 turns).

DocClef the Blocker (Gnoll Fighter)                Turns: 30373, Time: 00:57:24

Health: -10/152    AC: 36    Str: 27    XL:     16   Next: 9%
Magic:  29/30      EV: 18    Int: 13    God:    Okawaru [****..]
Gold:   1531       SH:  0    Dex: 14    Spells: 35/35 levels left

rFire    . . .     SeeInvis .   Z - +4 quarterstaff (protect)
rCold    . . .     Gourm    .   (shield currently unavailable)
rNeg     . . .     Faith    .   l - +2 shadow dragon scales
rPois    .         Spirit   .   t - +2 helmet
rElec    .         Reflect  .   Y - +2 cloak {MR+}
rCorr    .         Harm     .   J - +1 pair of gloves {Str+3}
MR       ++...                  q - +0 pair of boots
Stlth    ++++++++++             u - amulet of rage
HPRegen  0.35/turn              V - ring of Shadows {Umbra +Inv Stlth+}
MPRegen  0.22/turn              G - +5 ring of protection

@: lethally poisoned (-10 -> -11), heroism, wreathed by umbra
A: distributed training, fangs 1, robust 2, strong nose
a: Heroism, Renounce Religion, Evoke Berserk Rage, Evoke Invisibility


You were on level 2 of the Snake Pit.
You worshipped Okawaru.
Okawaru was greatly pleased with you.
You were hungry.

You visited 5 branches of the dungeon, and saw 26 of its levels.
You also visited: Labyrinth, Sewer and Volcano.

You collected 2795 gold pieces.
You spent 1264 gold pieces at shops.

Inventory:

Hand Weapons
 Z - a +4 quarterstaff of protection (weapon)
Missiles
 C - 3 javelins (quivered)
Armour
 k - a scarf of resistance
 l - +2 shadow dragon scales (worn)
 q - a +0 pair of boots (worn)
 t - a +2 helmet (worn)
 J - a +1 pair of gloves of strength (worn)
 Y - a +2 cloak of magic resistance (worn)
Jewellery
 c - an uncursed ring of protection from fire
 u - an amulet of rage (around neck)
 G - a +5 ring of protection (right hand)
 V - the ring of Shadows (left hand) {Umbra +Inv Stlth+}
   (You found it in a labyrinth)

   [ring of stealth]

   It lets you turn invisible.
   It makes you more stealthy.
Wands
 b - a wand of digging (14/24)
 g - a wand of acid (14/15)
 D - a wand of clouds (7/9)
 O - a wand of acid (7/15)
 S - a wand of lightning (9/15)
Scrolls
 i - a scroll of silence
 j - 6 scrolls of teleportation
 o - a scroll of brand weapon
 p - 3 scrolls of recharging
 y - 7 scrolls of remove curse
 A - a scroll of enchant armour
 B - 4 scrolls of amnesia
 R - 13 scrolls of identify
 T - a scroll of fear
Potions
 a - 2 potions of brilliance
 d - 4 potions of might
 e - a potion of resistance
 f - 2 potions of haste
 h - 2 potions of flight
 m - 4 potions of invisibility
 n - 4 potions of curing
 w - a potion of cancellation
 E - a potion of magic
 H - 2 potions of berserk rage
 I - 5 potions of lignification
 N - 4 potions of ambrosia
 W - a potion of heal wounds
Books
 s - a book of Callings

   Spells                             Type                      Level
   a - Summon Small Mammal            Summoning                    1
   b - Call Imp                       Summoning                    2
   c - Call Canine Familiar           Summoning                    3
   d - Summon Guardian Golem          Hexes/Summoning              3
   e - Summon Lightning Spire         Summoning/Air                4
   f - Summon Ice Beast               Ice/Summoning                4
 x - a book of Power

   Spells                             Type                      Level
   a - Iskenderun's Battlesphere      Conjuration/Charms           5
   b - Venom Bolt                     Conjuration/Poison           5
   c - Bolt of Magma                  Conjuration/Fire/Earth       5
   d - Iron Shot                      Conjuration/Earth            6
   e - Orb of Destruction             Conjuration                  7
   f - Spellforged Servitor           Conjuration/Summoning        7
 K - a book of Fire

   Spells                             Type                      Level
   a - Ignite Poison                  Fire/Transmutation/Poison    3
   b - Fireball                       Conjuration/Fire             5
   c - Bolt of Fire                   Conjuration/Fire             6
   d - Ring of Flames                 Charms/Fire                  7
   e - Ignition                       Fire                         8
 L - a book of Flames

   Spells                             Type                      Level
   a - Flame Tongue                   Conjuration/Fire             1
   b - Throw Flame                    Conjuration/Fire             2
   c - Conjure Flame                  Conjuration/Fire             3
   d - Inner Flame                    Hexes/Fire                   3
   e - Sticky Flame                   Conjuration/Fire             4
   f - Fireball                       Conjuration/Fire             5
 M - a book of Ice

   Spells                             Type                      Level
   a - Ice Form                       Ice/Transmutation            4
   b - Metabolic Englaciation         Hexes/Ice                    5
   c - Ozocubu's Refrigeration        Ice                          6
   d - Bolt of Cold                   Conjuration/Ice              6
   e - Freezing Cloud                 Conjuration/Ice/Air          6
   f - Simulacrum                     Ice/Necromancy               6
 Q - a book of Maledictions

   Spells                             Type                      Level
   a - Corona                         Hexes                        1
   b - Ensorcelled Hibernation        Hexes/Ice                    2
   c - Confuse                        Hexes                        3
   d - Tukima's Dance                 Hexes                        3
   e - Dazzling Spray                 Conjuration/Hexes            3
 U - a book of Conjurations

   Spells                             Type                      Level
   a - Magic Dart                     Conjuration                  1
   b - Searing Ray                    Conjuration                  2
   c - Dazzling Spray                 Conjuration/Hexes            3
   d - Fulminant Prism                Conjuration/Hexes            4
   e - Force Lance                    Conjuration/Translocation    4
   f - Iskenderun's Mystic Blast      Conjuration                  4
Miscellaneous
 v - a phial of floods
Comestibles
 r - 10 royal jellies
 z - 8 meat rations
 P - 12 fruits
 X - 3 bread rations


   Skills:
 + Level 12.0(17.0) Fighting
 + Level 10.4(15.4) Short Blades
 + Level 10.4(15.4) Long Blades
 + Level 10.4(15.4) Axes
 + Level 11.2(16.2) Maces & Flails
 + Level 10.4(15.4) Polearms
 + Level 10.4(15.4) Staves
 + Level 10.4(15.4) Slings
 + Level 10.4(15.4) Bows
 + Level 10.4(15.4) Crossbows
 + Level 10.4(15.4) Throwing
 + Level 12.0(17.0) Armour
 + Level 10.4(15.4) Dodging
 + Level 10.4(15.4) Stealth
 + Level 12.0(17.0) Shields
 + Level 10.4(15.4) Unarmed Combat
 + Level 10.4 Spellcasting
 + Level 8.8 Conjurations
 + Level 8.8 Hexes
 + Level 8.8 Charms
 + Level 8.8 Summonings
 + Level 8.8 Necromancy
 + Level 8.8 Translocations
 + Level 8.8 Transmutations
 + Level 8.8 Fire Magic
 + Level 8.8 Ice Magic
 + Level 8.8 Air Magic
 + Level 8.8 Earth Magic
 + Level 8.8 Poison Magic
 + Level 11.2 Invocations
 + Level 10.4 Evocations


You had 35 spell levels left.
You didn't know any spells.

Dungeon Overview and Level Annotations

Branches:
Dungeon (15/15)            Temple (1/1) D:5            Lair (6/6) D:8
  Swamp (0/4) Lair:4        Snake (2/4) Lair:3          Orc (2/2) D:12
    Elf (0/3) Orc:2        Vaults (0/5) D:13
  Slime: Lair:5-6    Depths: D:15

Altars:
Ashenzari
Cheibriados
Dithmenos
Elyvilon
Fedhas
Gozag
Hepliaklqana
Kikubaaqudgha
Makhleb
Nemelex Xobeh
Okawaru
Qazlal
Ru
Sif Muna
Trog
Uskayaw
Vehumet
Wu Jian
Xom
Yredelemnul
Zin
The Shining One
Beogh

Shops:
D:6 %   D:9 *   D:12 !   Orc:1 *   Orc:2 (:([?   Snake:1 %

Annotations:
Snake:2 Vashnia


Innate Abilities, Weirdness & Mutations

Your experience applies equally to all skills.
You have very sharp teeth.
Your uncanny sense of smell can sniff out nearby items.
You are very robust. (+20% HP)


Message History

The naga sharpshooter shoots a bolt.
The bolt barely misses you.
Things that are here:
an uncursed shortbow of flaming; 5 arrows You feel much better.
The naga sharpshooter casts a spell.
The naga sharpshooter magically shoots an arrow.
The arrow hits you!
* * * LOW HITPOINT WARNING * * *
The naga sharpshooter shoots an arrow.
The arrow barely misses you.
You feel sick.
Vashnia shoots an arrow.
The arrow hits you!!
* * * LOW HITPOINT WARNING * * *
The arrow burns you!
* * * LOW HITPOINT WARNING * * *
The naga sharpshooter gestures wildly while chanting.
The naga sharpshooter magically shoots a bolt.
The bolt hits you but does no damage.
The naga sharpshooter casts a spell.
The naga sharpshooter magically shoots an arrow.
The arrow hits you!
You die...

########
#####......#
##.##...#...##
####............#
#<(@)...........#
#####.N........##
##..(.......##
##............#
###..##.N.N.....#
#...###.NN......#
#.........N....##
##.....((#.....##
#......(........#


You could see Vashnia and 4 naga sharpshooters.

Vanquished Creatures
  An orc warlord (Orc:1)
  Aizul (Snake:1)
  An entropy weaver (Lair:5)
  The ghost of euglenas the Protected, a journeyman FoFi of the Shining One (Orc:1)
  The ghost of Yore the Arsonist, a journeyman DEFE of Vehumet (Lair:6)
  A red draconian (Volcano)
  A minotaur (Lab)
  Josephine (D:10)
  6 hydras
  Fannar (D:12)
  3 naga warriors
  2 anacondas
  4 centaur warriors
  13 two-headed ogres
  5 ogre magi
  2 death yaks (Lair:5)
  A death knight (D:14)
  A tengu warrior (D:14)
  Sonja (Orc:2)
  A fire crab (Lair:6)
  A skeletal warrior (D:13)
  3 wizards (D:9)
  The ghost of bitbot2000 the Covered, a novice MiFi of the Shining One (D:6)
  A wolf spider zombie (D:13)
  Pikel (D:5)
  A mana viper (Snake:2)
  3 orc knights
  14 ugly things
  5 orc sorcerers
  A salamander (Snake:2)
  A black mamba (Lair:6)
  Psyche (D:8)
  2 manticores (D:14)
  2 molten gargoyles (Volcano)
  The ghost of GoodRolls the Conjurer, a novice TeFE (D:5)
  2 naga magi
  A gargoyle (D:14)
  7 spiny frogs
  6 yaktaurs
  4 komodo dragons
  5 trolls
  A slime creature (D:11)
  10 polar bears
  5 hornets
  Grinder (D:4)
  Prince Ribbit (D:6)
  3 tyrant leeches (Lair:4)
  8 hippogriffs
  4 blink frogs (Lair:5)
  2 dream sheep (Lair:6)
  A centaur simulacrum (D:14)
  Sigmund (D:5)
  4 wraiths (D:10)
  46 yaks
  13 spriggans (Lair:6)
  3 shadows
  A vampire (D:14)
  A fire bat (Volcano)
  3 hungry ghosts
  6 basilisks
  4 wargs
  Edmund (D:5)
  7 nagas
  5 soldier ants
  7 water moccasins
  6 porcupines
  4 sky beasts
  20 orc warriors
  Purgy (Sewer)
  6 phantoms
  2 ice beasts
  2 black bears
  2 necrophages
  28 ogres
  21 wolves
  3 boggarts (Lair:6)
  7 centaurs
  6 crocodiles
  4 big kobolds
  17 bullfrogs
  A gnoll sergeant (D:9)
  Blork the orc (D:4)
  A wyvern skeleton (D:14)
  A wyvern zombie (D:13)
  5 scorpions
  51 killer bees
  10 wights
  2 howler monkeys (D:8)
  2 lava snakes (Volcano)
  7 crimson imps
  5 jellies
  2 bullfrog zombies
  2 quasits
  2 centaur zombies
  6 hounds
  6 centaur skeletons
  11 orc priests
  5 bullfrog skeletons
  A gnoll shaman (D:5)
  16 orc wizards
  Ijyb (D:3)
  4 iguanas
  Natasha (D:2)
  5 worker ants
  2 hound skeletons
  A howler monkey zombie (D:10)
  2 worker ant zombies
  Robin (D:2)
  A howler monkey skeleton (D:4)
  6 adders
  9 gnolls
  3 shadow imps
  6 oozes
  2 adder zombies
  5 worms (D:2)
  5 dart slugs
  7 leopard geckos
  63 orcs
  10 giant cockroaches
  7 hobgoblins
  5 jackals
  21 kobolds
  6 quokkas
  3 ball pythons
  8 bats
  6 frilled lizards
  6 goblins
  5 rats
716 creatures vanquished.

Vanquished Creatures (others)
  A tengu conjurer (D:14)
  An orc priest (Orc:2)
  An ooze (D:1)
  An orc (Orc:2)
  18 fungi
  2 plants (Lair:6)
24 creatures vanquished.

Grand Total: 740 creatures vanquished

Notes
Turn   | Place    | Note
-------+----------+-------------------------------------------
     0 | D:1      | DocClef the Gnoll Fighter began the quest for the Orb.
     0 | D:1      | Reached XP level 1. HP: 23/23 MP: 1/1
   157 | D:1      | Reached XP level 2. HP: 29/29 MP: 2/2
   603 | D:2      | Found a faded altar of an unknown god.
   618 | D:2      | Noticed Natasha
   622 | D:2      | Killed Natasha
   622 | D:2      | Reached skill level 1 in Invocations
   622 | D:2      | Reached XP level 3. HP: 35/35 MP: 2/4
   641 | D:2      | Reached skill level 1 in Short Blades
   641 | D:2      | Reached skill level 1 in Long Blades
   641 | D:2      | Reached skill level 1 in Axes
   641 | D:2      | Reached skill level 1 in Polearms
   641 | D:2      | Reached skill level 1 in Staves
   641 | D:2      | Reached skill level 1 in Slings
   641 | D:2      | Reached skill level 1 in Bows
   641 | D:2      | Reached skill level 1 in Crossbows
   641 | D:2      | Reached skill level 1 in Throwing
   641 | D:2      | Reached skill level 1 in Dodging
   641 | D:2      | Reached skill level 1 in Stealth
   641 | D:2      | Reached skill level 1 in Unarmed Combat
   641 | D:2      | Reached skill level 1 in Spellcasting
   641 | D:2      | Reached skill level 1 in Evocations
   641 | D:2      | Reached XP level 4. HP: 38/41 MP: 3/5
   711 | D:2      | Noticed Robin
   727 | D:2      | Killed Robin
   794 | D:2      | Reached skill level 1 in Conjurations
   794 | D:2      | Reached skill level 1 in Hexes
   794 | D:2      | Reached skill level 1 in Charms
   794 | D:2      | Reached skill level 1 in Summonings
   794 | D:2      | Reached skill level 1 in Necromancy
   794 | D:2      | Reached skill level 1 in Translocations
   794 | D:2      | Reached skill level 1 in Transmutations
   794 | D:2      | Reached skill level 1 in Fire Magic
   794 | D:2      | Reached skill level 1 in Ice Magic
   794 | D:2      | Reached skill level 1 in Air Magic
   794 | D:2      | Reached skill level 1 in Earth Magic
   794 | D:2      | Reached skill level 1 in Poison Magic
   983 | D:2      | Found an ancient bone altar of Kikubaaqudgha.
   984 | D:2      | Found a shadowy altar of Dithmenos.
   984 | D:2      | Found a sparkling altar of Nemelex Xobeh.
  1055 | D:2      | Reached XP level 5. HP: 47/47 MP: 6/6
  1253 | D:3      | Noticed Ijyb
  1266 | D:3      | Killed Ijyb
  1840 | D:4      | Found a deep blue altar of Sif Muna.
  1934 | D:4      | Noticed Grinder
  1934 | D:4      | Paralysed by Grinder for 7 turns
  1961 | D:4      | Paralysed by Grinder for 5 turns
  1970 | D:4      | Killed Grinder
  1970 | D:4      | Reached skill level 5 in Maces & Flails
  1970 | D:4      | Reached XP level 6. HP: 49/53 MP: 7/9
  2140 | D:4      | Found a glowing golden altar of the Shining One.
  2174 | D:4      | Noticed Blork the orc
  2186 | D:4      | Killed Blork the orc
  2186 | D:4      | Reached XP level 7. HP: 52/59 MP: 10/10
  2577 | D:5      | Entered Level 5 of the Dungeon
  2630 | D:5      | Found a glowing drain.
  2643 | Sewer    | Entered a sewer
  2724 | Sewer    | Noticed Purgy
  2742 | Sewer    | Killed Purgy
  2873 | D:5      | Reached XP level 8. HP: 66/67 MP: 12/12
  2929 | D:5      | Noticed GoodRolls's ghost (novice TeFE)
  2943 | D:5      | Killed GoodRolls's ghost
  3103 | D:5      | Found a staircase to the Ecumenical Temple.
  3114 | Temple   | Entered the Ecumenical Temple
  3216 | Temple   | Became a worshipper of Warmaster Okawaru
  3341 | D:5      | Noticed Edmund
  3362 | D:5      | Killed Edmund
  3533 | D:5      | Reached * piety under Okawaru
  3568 | D:5      | Noticed Pikel
  3571 | D:5      | Noticed Sigmund
  3578 | D:5      | Killed Pikel
  3578 | D:5      | Reached XP level 9. HP: 53/73 MP: 14/14
  3583 | D:5      | Killed Sigmund
  3583 | D:5      | Reached ** piety under Okawaru
  3874 | D:6      | Noticed bitbot2000's ghost (novice MiFi)
  3885 | D:6      | Killed bitbot2000's ghost
  3964 | D:6      | Noticed Prince Ribbit
  3974 | D:6      | Killed Prince Ribbit
  3974 | D:6      | Reached *** piety under Okawaru
  3974 | D:6      | Reached skill level 5 in Invocations
  4310 | D:6      | Noticed an angel
  4311 | D:6      | Found a shimmering altar of Xom.
  4311 | D:6      | Found a glowing silver altar of Zin.
  4437 | D:6      | Reached XP level 10. HP: 52/80 MP: 17/17
  4740 | D:6      | Found Moten's Food Boutique.
  4773 | D:6      | Reached **** piety under Okawaru
  5987 | D:8      | Found a staircase to the Lair.
  6020 | D:8      | Reached skill level 5 in Short Blades
  6020 | D:8      | Reached skill level 5 in Long Blades
  6020 | D:8      | Reached skill level 5 in Axes
  6020 | D:8      | Reached skill level 5 in Polearms
  6020 | D:8      | Reached skill level 5 in Staves
  6020 | D:8      | Reached skill level 5 in Slings
  6020 | D:8      | Reached skill level 5 in Bows
  6020 | D:8      | Reached skill level 5 in Crossbows
  6020 | D:8      | Reached skill level 5 in Throwing
  6020 | D:8      | Reached skill level 5 in Dodging
  6020 | D:8      | Reached skill level 5 in Stealth
  6020 | D:8      | Reached skill level 5 in Unarmed Combat
  6020 | D:8      | Reached skill level 5 in Spellcasting
  6020 | D:8      | Reached skill level 5 in Evocations
  6140 | D:8      | Noticed Psyche
  6147 | D:8      | Killed Psyche
  6468 | D:8      | Noticed a two-headed ogre
  6477 | D:8      | Killed a two-headed ogre
  6920 | D:9      | Found Ocogun's General Store.
  6933 | D:9      | Noticed a wizard
  6935 | D:9      | Noticed a wizard
  6941 | D:9      | Reached ***** piety under Okawaru
  6941 | D:9      | Reached XP level 11. HP: 81/87 MP: 16/19
  6942 | D:9      | Noticed a wizard
  6947 | D:9      | Killed a wizard
  6962 | D:9      | HP: 2/87 [wizard/bolt of cold (26)]
  6965 | D:9      | Killed a wizard
  6967 | D:9      | Killed a wizard
  6967 | D:9      | Reached skill level 5 in Conjurations
  6967 | D:9      | Reached skill level 5 in Hexes
  6967 | D:9      | Reached skill level 5 in Charms
  6967 | D:9      | Reached skill level 5 in Summonings
  6967 | D:9      | Reached skill level 5 in Necromancy
  6967 | D:9      | Reached skill level 5 in Translocations
  6967 | D:9      | Reached skill level 5 in Transmutations
  6967 | D:9      | Reached skill level 5 in Fire Magic
  6967 | D:9      | Reached skill level 5 in Ice Magic
  6967 | D:9      | Reached skill level 5 in Air Magic
  6967 | D:9      | Reached skill level 5 in Earth Magic
  6967 | D:9      | Reached skill level 5 in Poison Magic
  7398 | D:9      | Received a gift from Okawaru
  7954 | Lair:1   | Entered Level 1 of the Lair of Beasts
  9093 | Lair:2   | Reached XP level 12. HP: 55/96 MP: 22/22
  9419 | Lair:3   | Found a labyrinth entrance.
  9429 | Lab      | Entered a labyrinth
  9567 | Lab      | Noticed a minotaur
  9575 | Lab      | Killed a minotaur
  9581 | Lab      | Found the ring of Shadows {Umbra +Inv Stlth+}
  9584 | Lab      | Got a jewelled halberd
  9931 | Lair:3   | Identified the +5 halberd of Madeaz {venom, *Contam +Rage rC- MR+++} (You found it in a labyrinth)
 10074 | Lair:3   | Received a gift from Okawaru
 10439 | Lair:3   | Noticed a four-headed hydra
 10448 | Lair:3   | Killed a four-headed hydra
 10463 | Lair:3   | Gained mutation: You are weak. (Str -2) [mutagenic glow]
 10713 | Lair:3   | Found a staircase to the Snake Pit.
 12156 | Lair:2   | Received a gift from Okawaru
 12160 | Lair:2   | Reached skill level 10 in Fighting
 12160 | Lair:2   | Reached skill level 10 in Armour
 12160 | Lair:2   | Reached skill level 10 in Shields
 13011 | Lair:4   | Received a gift from Okawaru
 13060 | Lair:4   | Reached XP level 13. HP: 49/103 MP: 24/24
 13418 | Lair:4   | Received a gift from Okawaru
 13552 | Lair:4   | Found a staircase to the Swamp.
 14597 | Lair:5   | Found a dark tunnel.
 14604 | Volcano  | Entered a volcano
 14853 | Volcano  | Found a burning altar of Makhleb.
 14972 | Volcano  | Noticed a red draconian
 15001 | Volcano  | Killed a red draconian
 16785 | Lair:6   | Entered Level 6 of the Lair of Beasts
 16836 | Lair:6   | Received a gift from Okawaru
 16855 | Lair:6   | Got an agate-encrusted plate armour {god gift}
 16866 | Lair:6   | Identified the +0 plate armour of Slovenliness {+Blink rN+ Str+3 Dex-4} (Okawaru gifted it to you on level 6 of the Lair of Beasts)
 16885 | Lair:6   | Noticed Yore's ghost (journeyman DEFE)
 16911 | Lair:6   | Killed Yore's ghost
 17970 | Lair:6   | Reached XP level 14. HP: 111/111 MP: 24/26
 18580 | Lair:6   | Noticed an entropy weaver
 18956 | Lair:5   | Killed an entropy weaver
 18956 | Lair:5   | Reached skill level 10 in Maces & Flails
 19281 | Lair:6   | Noticed an entropy weaver
 19813 | D:10     | Entered Level 10 of the Dungeon
 19868 | D:10     | Noticed Josephine
 19889 | D:10     | Killed Josephine
 19903 | D:10     | HP: 2/111 [wraith[Josephine] (5)]
 21255 | D:11     | Found a blossoming altar of Fedhas.
 22167 | D:12     | Found a staircase to the Orcish Mines.
 22498 | D:12     | Found Xyarche's Distillery.
 22501 | D:12     | Bought a potion of mutation for 80 gold pieces
 22501 | D:12     | Bought a potion of cancellation for 80 gold pieces
 22506 | D:12     | Lost mutation: You are weak. (Str -2) [potion of mutation]
 22506 | D:12     | Gained mutation: You are robust. (+10% HP) [potion of mutation]
 22506 | D:12     | Gained mutation: You are very robust. (+20% HP) [potion of mutation]
 22693 | D:12     | Noticed Fannar
 22713 | D:12     | Killed Fannar
 22951 | Orc:1    | Entered Level 1 of the Orcish Mines
 22958 | Orc:1    | Noticed euglenas's ghost (journeyman FoFi)
 22966 | Orc:1    | Paralysed by an orc sorcerer for 5 turns
 23311 | D:12     | Reached skill level 10 in Invocations
 24144 | D:13     | Found a white marble altar of Elyvilon.
 24676 | D:13     | Found a gate to the Vaults.
 25235 | D:14     | Reached XP level 15. HP: 95/142 MP: 28/28
 25577 | D:14     | Received a gift from Okawaru
 26323 | D:14     | Found an opulent altar of Gozag.
 26411 | D:15     | Entered Level 15 of the Dungeon
 26622 | Orc:1    | Found Kiqog's General Store.
 26790 | Orc:2    | Entered Level 2 of the Orcish Mines
 26793 | Orc:2    | Found a roughly hewn altar of Beogh.
 26802 | Orc:2    | Noticed Sonja
 26804 | Orc:2    | Noticed an orc warlord
 27084 | Orc:1    | Killed an orc warlord
 27199 | Orc:2    | Reached skill level 10 in Short Blades
 27199 | Orc:2    | Reached skill level 10 in Long Blades
 27199 | Orc:2    | Reached skill level 10 in Axes
 27199 | Orc:2    | Reached skill level 10 in Polearms
 27199 | Orc:2    | Reached skill level 10 in Staves
 27199 | Orc:2    | Reached skill level 10 in Slings
 27199 | Orc:2    | Reached skill level 10 in Bows
 27199 | Orc:2    | Reached skill level 10 in Crossbows
 27199 | Orc:2    | Reached skill level 10 in Throwing
 27199 | Orc:2    | Reached skill level 10 in Dodging
 27199 | Orc:2    | Reached skill level 10 in Stealth
 27199 | Orc:2    | Reached skill level 10 in Unarmed Combat
 27199 | Orc:2    | Reached skill level 10 in Spellcasting
 27199 | Orc:2    | Reached skill level 10 in Evocations
 27260 | Orc:2    | Killed Sonja
 27279 | Orc:2    | Found Poesyb's Book Shop.
 27279 | Orc:2    | Found Fiwatesoex's Armour Shoppe.
 27294 | Orc:2    | Found Fecuefy's Magic Scroll Boutique.
 27294 | Orc:2    | Found Kudd's Antique Weapon Shoppe.
 27303 | Orc:2    | Received a gift from Okawaru
 27619 | Orc:2    | Bought +2 shadow dragon scales for 1104 gold pieces
 27925 | Orc:2    | Found a staircase to the Elven Halls.
 27976 | Orc:2    | Found Solae's Antique Weapon Shoppe.
 28785 | Orc:1    | Killed euglenas's ghost
 28785 | Orc:1    | Received a gift from Okawaru
 29027 | Lair:1   | Upgraded the game from 0.21-a0-426-g98080a9 to 0.21-a0-434-g806c6c2
 29069 | Snake:1  | Entered Level 1 of the Snake Pit
 29172 | Snake:1  | Noticed Aizul
 29204 | Snake:1  | Killed Aizul
 29625 | Snake:1  | Reached XP level 16. HP: 115/152 MP: 30/30
 29639 | Snake:1  | Found Guilait's Food Shoppe.
 29896 | Snake:2  | Noticed Vashnia
 30084 | Snake:2  | Received a gift from Okawaru
 30373 | Snake:2  | HP: 4/152 [Vashnia/arrow (13)]
 30373 | Snake:2  | Shot with an arrow by a naga sharpshooter

Vault maps used:
D:1:      shiori_arrival_oz
D:2:      grunt_temple_overflow_open, chequers_ecumenical_altar_island,
          kennysheep_big_empty_room, st_stairs_7, uniq_natasha, uniq_robin
D:3:      uniq_ijyb
D:4:      lemuel_crystal_altar, first_bread, glass_columns_c,
          nicolae_tso_carved_into_rock, uniq_grinder, uniq_blork_the_orc
D:5:      temple_statues, portal_sewer_entry_f, uniq_pikel, uniq_sigmund,
          uniq_edmund
D:6:      grunt_temple_overflow_order_and_chaos_1, serial_shops,
          kennysheep_little_box, amethyst_killhole, uniq_prince_ribbit1
D:7:      serial_corexii_hall, corexii_hall_statues_deadend,
          corexii_hall_statues_u, corexii_hall_statues_i, corexii_hall_statues_x
D:8:      lair_entry_dummy, uniq_psyche
D:9:      cheibrodos_wizards_tower, serial_shops,
          nicolae_shop_temple_entry_statues_fountains
D:10:     uniq_josephine
D:11:     hangedman_little_slice_of_home, fedhas_altar_2
D:12:     orc_0_dummy, serial_shops, kennysheep_mini, uniq_fannar
D:13:     hangedman_vaults_entry_quadrant_bands, basic_altar, st_stairs_8
D:14:     lemuel_tele_altar
D:15:     hangedman_depths_entry_try_elsewhere_first, uniq_rupert
Temple:   minmay_temple_bridge_d
Lair:2:   wad_woods_minihive
Lair:3:   minmay_snake_entry_guardpost_small, lab_entry_generic,
          grunt_megastairs_4
Lair:4:   minmay_swamp_entry_worms, cheibrodos_lair_lostbears, lemuel_fruit_tree
Lair:5:   enter_volcano_2, beast_lair_carwin_11
Lair:6:   minmay_lair_end_enchanted_forest, slime_altar_1, zaba_anthell,
          grunt_megastairs_1
Snake:1:  serial_shops, shop, nicolae_snake_squiggles, uniq_aizul
Snake:2:  uniq_vashnia
Orc:1:    serial_shops, shop
Orc:2:    st_orc_ogre_mass, basic_altar, serial_shops,
          nicolae_shop_behind_doors, uniq_sonja
Lab:      nicolae_lab_statue, nicolae_lab_do_over, nicolae_lab_grate,
          nicolae_lab_very_dead_end, lab_hedge, nicolae_lab_hexagon
Sewer:    sewer_co_purgy_island
Volcano:  volcano_lake

Skill      XL: |  1  2  3  4  5  6  7  8  9 10 11 12 13 14 15 |
---------------+----------------------------------------------+-----
Invocations    | 1 2 3 4 5 6 7 8 9 10 11 | 11.2
Short Blades   | 1 2 3 4 5 6 7 8 9 10 | 10.4
Long Blades    | 1 2 3 4 5 6 7 8 9 10 | 10.4
Axes           | 1 2 3 4 5 6 7 8 9 10 | 10.4
Polearms       | 1 2 3 4 5 6 7 8 9 10 | 10.4
Staves         | 1 2 3 4 5 6 7 8 9 10 | 10.4
Slings         | 1 2 3 4 5 6 7 8 9 10 | 10.4
Bows           | 1 2 3 4 5 6 7 8 9 10 | 10.4
Crossbows      | 1 2 3 4 5 6 7 8 9 10 | 10.4
Throwing       | 1 2 3 4 5 6 7 8 9 10 | 10.4
Dodging        | 1 2 3 4 5 6 7 8 9 10 | 10.4
Stealth        | 1 2 3 4 5 6 7 8 9 10 | 10.4
Unarmed Combat | 1 2 3 4 5 6 7 8 9 10 | 10.4
Spellcasting   | 1 2 3 4 5 6 7 8 9 10 | 10.4
Evocations     | 1 2 3 4 5 6 7 8 9 10 | 10.4
Conjurations   | 1 2 3 4 5 6 7 8 |  8.8
Hexes          | 1 2 3 4 5 6 7 8 |  8.8
Charms         | 1 2 3 4 5 6 7 8 |  8.8
Summonings     | 1 2 3 4 5 6 7 8 |  8.8
Necromancy     | 1 2 3 4 5 6 7 8 |  8.8
Translocations | 1 2 3 4 5 6 7 8 |  8.8
Transmutations | 1 2 3 4 5 6 7 8 |  8.8
Fire Magic     | 1 2 3 4 5 6 7 8 |  8.8
Ice Magic      | 1 2 3 4 5 6 7 8 |  8.8
Air Magic      | 1 2 3 4 5 6 7 8 |  8.8
Earth Magic    | 1 2 3 4 5 6 7 8 |  8.8
Poison Magic   | 1 2 3 4 5 6 7 8 |  8.8
Maces & Flails | 5 6 7 8 9 10 11 | 11.2
Fighting       | 7 8 9 10 11 12 | 12.0
Armour         | 7 8 9 10 11 12 | 12.0
Shields        | 7 8 9 10 11 12 | 12.0

Action                   |  1- 3 |  4- 6 |  7- 9 | 10-12 | 13-15 | 16-18 || total
-------------------------+-------+-------+-------+-------+-------+-------++-------
Melee: Flail             |    66 |   123 |       |       |       |       ||   189
       Bite              |     7 |    23 |    36 |    90 |   370 |     9 ||   535
       Club              |       |    66 |   153 |       |       |       ||   219
       Dire flail        |       |       |   145 |   817 |    44 |       ||  1006
       Halberd           |       |       |       |    46 |       |       ||    46
       Quarterstaff      |       |       |       |       |  2356 |    60 ||  2416
Throw: Tomahawk          |       |       |     1 |    20 |       |       ||    21
Invok: Heroism           |       |       |     1 |    15 |    47 |     6 ||    69
       Finesse           |       |       |       |       |     8 |       ||     8
 Abil: Evoke Berserk Rag |       |       |     2 |       |     1 |       ||     3
Evoke: Wand              |       |       |       |     1 |       |       ||     1
  Use: Potion            |       |     1 |     1 |     3 |     9 |     1 ||    15
       Scroll            |       |       |     2 |    25 |    12 |       ||    39
 Stab: Sleeping          |       |     6 |       |       |    25 |     2 ||    33
       Distracted        |       |     1 |       |       |     3 |       ||     4
  Eat: Chunk             |       |     2 |     7 |    17 |    37 |       ||    63
       Bread ration      |       |     1 |       |     3 |     1 |       ||     5
       Royal jelly       |       |       |       |       |     5 |     1 ||     6
       Meat ration       |       |       |       |       |     1 |       ||     1
Armor: Scale mail        |    19 |       |       |       |       |       ||    19
       Ring mail         |    10 |    65 |       |       |       |       ||    75
       Chain mail        |       |       |   116 |   455 |  1186 |       ||  1757
       Shadow dragon sca |       |       |       |       |    72 |    34 ||   106
Dodge: Dodged            |    14 |    66 |    89 |   607 |  1878 |    46 ||  2700
Block: Shield            |    41 |   105 |    77 |       |       |       ||   223

Table legend:
 A = Spawn XP
 B = Non-spawn XP
 C = Spawn XP percentage of total XP
 D = Spawn monster count
 E = Non-spawn monster count
 F = Spawn count percentage of total count
 G = Total turns spent on level
                    A         B        C        D         E        F      G
               +---------+---------+-------+---------+---------+-------+---------
         Total |       0 |  133739 |   0.0 |       0 |     717 |   0.0 | 30373
               +---------+---------+-------+---------+---------+-------+---------
           D:1 |       0 |      31 |   0.0 |       0 |      16 |   0.0 |   597
           D:2 |       0 |     135 |   0.0 |       0 |      27 |   0.0 |   507
           D:3 |       0 |      63 |   0.0 |       0 |      14 |   0.0 |   669
           D:4 |       0 |     596 |   0.0 |       0 |      13 |   0.0 |   919
           D:5 |       0 |    1986 |   0.0 |       0 |      30 |   0.0 |   982
           D:6 |       0 |    2295 |   0.0 |       0 |      31 |   0.0 |  1192
           D:7 |       0 |     175 |   0.0 |       0 |       8 |   0.0 |   980
           D:8 |       0 |    3039 |   0.0 |       0 |      37 |   0.0 |  1042
           D:9 |       0 |    6303 |   0.0 |       0 |      46 |   0.0 |  1127
          D:10 |       0 |    4330 |   0.0 |       0 |      24 |   0.0 |  1478
          D:11 |       0 |    1565 |   0.0 |       0 |      29 |   0.0 |   785
          D:12 |       0 |    4585 |   0.0 |       0 |      27 |   0.0 |  1892
          D:13 |       0 |   11158 |   0.0 |       0 |      40 |   0.0 |  1151
          D:14 |       0 |   15282 |   0.0 |       0 |      37 |   0.0 |  1348
        Lair:1 |       0 |     922 |   0.0 |       0 |       5 |   0.0 |   850
        Lair:2 |       0 |    5589 |   0.0 |       0 |      61 |   0.0 |  2127
        Lair:3 |       0 |    6456 |   0.0 |       0 |      30 |   0.0 |  1910
        Lair:4 |       0 |    8043 |   0.0 |       0 |      27 |   0.0 |  1483
        Lair:5 |       0 |    6463 |   0.0 |       0 |      18 |   0.0 |  2272
        Lair:6 |       0 |   13156 |   0.0 |       0 |      56 |   0.0 |  1957
       Snake:1 |       0 |    5647 |   0.0 |       0 |      10 |   0.0 |   833
       Snake:2 |       0 |    3555 |   0.0 |       0 |       5 |   0.0 |   471
         Orc:1 |       0 |    6988 |   0.0 |       0 |      36 |   0.0 |   880
         Orc:2 |       0 |   19544 |   0.0 |       0 |      69 |   0.0 |  1629
           Lab |       0 |    1685 |   0.0 |       0 |       4 |   0.0 |   196
         Sewer |       0 |     151 |   0.0 |       0 |       6 |   0.0 |   149
       Volcano |       0 |    3997 |   0.0 |       0 |      11 |   0.0 |   764
               +---------+---------+-------+---------+---------+-------+---------
